 Dungeon Crawl Stone Soup version 0.25-a0-547-g27a0b5d1ef (webtiles) character file.

Game seed: 14076771265477916084, levelgen mode: deterministic

59 surprisetrex the Firebug (level 4, -5/37 HPs)
             Began as a Hill Orc Fire Elementalist on Feb 23, 2020.
             Slain by a sky beast (6 damage)
             ... on level 2 of the Dungeon.
             The game lasted 00:10:23 (1543 turns).

surprisetrex the Firebug (HOFE)                     Turns: 1543, Time: 00:10:24

Health: -5/37      AC:  4    Str: 15    XL:     4   Next: 3%
Magic:  6/6        EV: 12    Int: 16    God:
Gold:   111        SH:  0    Dex: 11    Spells: 2/6 levels left

rFire    . . .     SeeInvis .   b - +3 whip (elec)
rCold    . . .     Gourm    .   (no shield)
rNeg     . . .     Faith    .   a - +0 robe
rPois    .         Spirit   .   (no helmet)
rElec    .         Reflect  .   k - +0 cloak
rCorr    .         Harm     .   (no gloves)
MR       .....                  e - +0 pair of boots
Stlth    ++........             j - amulet of inaccuracy (curse)
HPRegen  0.12/turn              (no ring)
MPRegen  0.10/turn              (no ring)

@: mighty, flying
A: no striking features
a: no special abilities


You were on level 2 of the Dungeon.
You were not hungry.

You visited 1 branch of the dungeon, and saw 2 of its levels.

You collected 111 gold pieces.

Inventory:

Hand Weapons
 b - a +3 whip of electrocution (weapon)
Missiles
 d - 51 stones (quivered)
Armour
 a - a +0 robe (worn)
 e - a +0 pair of boots (worn)
 k - a +0 cloak (worn)
Jewellery
 f - an uncursed ring of ice {unknown}
 j - a cursed amulet of inaccuracy (around neck)
Scrolls
 l - a scroll of fear {unknown}
Potions
 g - a potion of might
Comestibles
 c - a ration


   Skills:
 + Level 2.8 Fighting
 - Level 1.5 Dodging
 - Level 1.5 Stealth
 - Level 1.5 Spellcasting
 - Level 1.0 Conjurations
 + Level 4.4 Fire Magic


You had 2 spell levels left.
You knew the following spells:

 Your Spells              Type           Power        Failure   Level  Hunger
a - Foxfire               Conj/Fire      #...         7%          1    ##.....
b - Conjure Flame         Conj/Fire      #.......     22%         3    ####...

Your spell library contained the following spells:

 Spells                   Type           Power        Failure   Level  Hunger
 Inner Flame              Hex/Fire       #.......     26%         3    ####...
 Sticky Flame             Conj/Fire      #.......     56%         4    #####..
 Fireball                 Conj/Fire      #.........   89%         5    ######.


Dungeon Overview and Level Annotations

Branches:
Dungeon (2/15)

Altars:


Message History

Things that are here:
a jackal skeleton x2
You see here a jackal corpse.
A sky beast appears from thin air!
Reactivating autopickup.
The sky beast flickers out of sight!
Deactivating autopickup; reactivate with Ctrl-A.
All of the chunks of flesh in your inventory have rotted away.
It was a potion of might.
You feel very mighty all of a sudden. Something hits you.
* * * LOW HITPOINT WARNING * * *
Something shocks you.
* * * LOW HITPOINT WARNING * * *
It was a potion of flight.
You feel very buoyant.
You fly up into the air.
Something hits you.
* * * LOW HITPOINT WARNING * * *
Something shocks you.
You die...

................................>
#.......#......#.#.......###.#...
#.......#......#.#...)........#**
##....###......#.#.###....##..# *
#....# #......#.#.# #...<#*..# *
#....# #....).#.#.###..#.##..##*
###### ######.#.#.............##
#.#.########..#..... *,#@#
#.....†...... *,#.#
##....#.......
*,#.###.....##......
*,#.#........#......
*,#.#........#.>$...
*,#.#........#..####
*,#.#....[...#,.#
*,#.#.......##,,*
*,#.###.#####*,,*


There were no monsters in sight!

Vanquished Creatures
  3 leopard geckos (D:1)
  3 bats
  2 giant cockroaches (D:1)
  4 goblins
  5 hobgoblins
  15 jackals
  4 frilled lizards
  5 kobolds (D:1)
  5 rats
46 creatures vanquished.

Vanquished Creatures (others)
  51 foxfires
51 creatures vanquished.

Grand Total: 97 creatures vanquished

Notes
Turn   | Place    | Note
-------+----------+-------------------------------------------
     0 | D:1      | surprisetrex the Hill Orc Fire Elementalist began the quest
                  | for the Orb.
     0 | D:1      | Reached XP level 1. HP: 14/14 MP: 3/3
    96 | D:1      | Reached skill level 1 in Fighting
   120 | D:1      | Reached XP level 2. HP: 23/23 MP: 2/4
   521 | D:1      | Reached XP level 3. HP: 27/29 MP: 5/5
   526 | D:1      | Reached skill level 4 in Fire Magic
  1333 | D:2      | Reached XP level 4. HP: 33/37 MP: 6/6
  1353 | D:2      | Noticed a sky beast
  1420 | D:1      | Learned a level 3 spell: Conjure Flame
  1543 | D:2      | HP: 1/37 [something (1)]
  1543 | D:2      | Slain by a sky beast

Levels and vault maps discovered:
D:1:      co_arrival_two_rings, layout_basic, chequers_mini_garden
D:2:      layout_basic, nicolae_overflow_crystal_walls

Skill      XL: |  1  2  3 |
---------------+----------+-----
Fighting       | 1 2 |  2.8
Fire Magic     | 4 |  4.4
Dodging        | |  1.5
Stealth        | |  1.5
Spellcasting   | |  1.5
Conjurations   | |  1.0

Action                   |  1- 3 |  4- 6 || total
-------------------------+-------+-------++-------
Melee: Unarmed           |     9 |       ||     9
       Whip              |    79 |     3 ||    82
 Cast: Foxfire           |    29 |     1 ||    30
  Use: Scroll            |     3 |       ||     3
       Potion            |       |     2 ||     2
 Stab: Sleeping          |     1 |       ||     1
  Eat: Chunk             |     2 |     1 ||     3
Armor: Robe              |    22 |     3 ||    25
Dodge: Dodged            |    68 |     2 ||    70

Table legend:
 A = Non-vault XP
 B = Vault XP
 C = Vault XP percentage of total XP
 D = Non-vault monster count
 E = Vault monster count
 F = Vault count percentage of total count
                 A         B        C        D         E       F
            +---------+---------+-------+---------+---------+-------
      Total |      85 |       0 |   0.0 |      46 |       0 |   0.0
            +---------+---------+-------+---------+---------+-------
        D:1 |      61 |       0 |   0.0 |      33 |       0 |   0.0
        D:2 |      24 |       0 |   0.0 |      13 |       0 |   0.0
            +---------+---------+-------+---------+---------+-------
